 Dungeon Crawl Stone Soup version 0.29-a0-322-g68df515428 (webtiles) character file.

Game seed: 7725512054939686765

25 ImHallYall the Skirmisher (level 2, -1/26 HPs)
             Began as a Demigod Fighter on Apr 6, 2022.
             Slain by a goblin
             ... wielding a +0 club
              (2 damage)
             ... on level 1 of the Dungeon.
             The game lasted 00:01:17 (480 turns).

ImHallYall the Skirmisher (Demigod Fighter)          Turns: 480, Time: 00:01:19

Health: -1/26      AC:  6    Str: 17    XL:     2   Next: 63%
Magic:  4/4        EV:  6    Int: 10    God:
Gold:   27         SH:  4    Dex: 13    Spells: 1/1 levels left

rFire   . . .      SeeInvis .   a - +0 long sword
rCold   . . .      Faith    .   c - +0 buckler
rNeg    . . .      Spirit   .   b - +0 scale mail
rPois   .          Reflect  .   (no helmet)
rElec   .          Harm     .   (no cloak)
rCorr   .          Rampage  .   (no gloves)
Will    .....                   (no boots)
Stlth   ..........              (no amulet)
HPRegen 0.08/turn               (no ring)
MPRegen 0.09/turn               (no ring)

@: mighty, constricted
A: high MP 1, forlorn, divine attributes
a: no special abilities


You were on level 1 of the Dungeon.
You visited 1 branch of the dungeon, and saw 1 of its levels.

You collected 27 gold pieces.

Inventory:

Hand Weapons
 a - a +0 long sword (weapon)
Armour
 b - a +0 scale mail (worn)
 c - a +0 buckler (worn)
Scrolls
 e - a scroll of identify {unknown}


   Skills:
 + Level 3.1 Fighting
 + Level 1.9 Long Blades
 + Level 3.0 Armour
 + Level 0.1 Dodging
 + Level 3.0 Shields


You had one spell level left.
You didn't know any spells.
Your spell library was empty.

Dungeon Overview and Level Annotations

Branches:
Dungeon (1/15)


Innate Abilities, Weirdness & Mutations

You have an increased reservoir of magic. (+10% MP)
You shall have no god before yourself.
Your divine heritage dramatically boosts your attributes as you level up.


Message History

* * * LOW HITPOINT WARNING * * *
The rat bites you but does no damage.
The kobold throws a stone.
The stone hits you but does no damage.
You slice the endoplasm!!
You kill the endoplasm!
The ball python bites you but does no damage.
The ball python constricts you. The goblin barely misses you.
The rat bites you but does no damage. The ball python bites you.
* * * LOW HITPOINT WARNING * * *
The ball python constricts you.
* * * LOW HITPOINT WARNING * * *
You slice the kobold!!
You kill the kobold!
The ball python bites you but does no damage.
The ball python constricts you. The goblin hits you but does no damage.
The rat bites you but does no damage. The ball python bites you.
* * * LOW HITPOINT WARNING * * *
The ball python constricts you.
Your Armour skill increases to level 3!
You escape the ball python's grasp.
Found a scroll labelled MONLAXKAMUO.
The goblin barely misses you. You block the rat's attack.
The hobgoblin barely misses you.
You see here a ball python corpse.
The goblin hits you but does no damage. You block the rat's attack.
The hobgoblin barely misses you.
You barely miss the goblin. The goblin hits you but does no damage.
The hobgoblin hits you but does no damage.
The rat barely misses you.
The ball python bites you but does no damage.
The ball python grabs you. The ball python constricts you.
The rat bites you but does no damage. The goblin barely misses you.
The hobgoblin hits you but does no damage.
You hit the goblin.
The goblin is heavily wounded.
The ball python bites you.
* * * LOW HITPOINT WARNING * * *
The ball python constricts you.
The hobgoblin hits you but does no damage.
The goblin hits you with a +0 club.
You die...

...............#
#..............#
#.........[....#
#.............####
#................#
.###................####
........................
#....g.........##.#
#...@S.........##.###
.......gr).............>
#####....#.$......##.##.
.......########.##..#.
........# #.###.#.
.?.......# #.###.#.
.........# #......†
.......... ######..
.........


You could see a hobgoblin, a goblin, a ball python and a rat.

Vanquished Creatures
  A gnoll (D:1)
  2 bats (D:1)
  2 endoplasms (D:1)
  A hobgoblin (D:1)
  4 jackals (D:1)
  2 ball pythons (D:1)
  A goblin (D:1)
  A kobold (D:1)
14 creatures vanquished.

Notes
Turn   | Place    | Note
-------+----------+-------------------------------------------
     0 | D:1      | ImHallYall the Demigod Fighter began the quest for the Orb.
     0 | D:1      | Reached XP level 1. HP: 18/18 MP: 3/3
   364 | D:1      | Reached XP level 2. HP: 25/25 MP: 4/4
   480 | D:1      | HP: 1/26 [ball python (3)]
   480 | D:1      | Slain by a goblin

Illustrated notes

Levels and vault maps discovered:
D:1:      nagdon_arrival_zigzag_paths, layout_basic

Skill      XL: |  1  2 |
---------------+-------+-----
Fighting       | 3 |  3.1
Shields        | 3 |  3.0
Armour         | 3 |  3.0
Long Blades    | |  1.9
Dodging        | |  0.1

Action                   || total
-------------------------++-------
Melee: Long sword        ||    34
  Use: Potion            ||     1
Armor: Scale mail        ||    58
Dodge: Dodged            ||    40
Block: Buckler           ||    19

Table legend: (Time is in decaauts)
 A = Elapsed time spent in this place.
 B = Non-inter-level travel time spent in this place.
 C = Inter-level travel time spent in this place.
 D = Time resting spent in this place.
 E = Time spent auto-exploring this place.
 F = Levels seen in this place.
 G = Mean time per level.
                   A        B        C        D        E       F      G
               +--------+--------+--------+--------+--------+-----+--------+
         Total |    491 |    491 |      0 |      0 |    348 |   1 |  491.0 |
       Dungeon |    491 |    491 |      0 |      0 |    348 |   1 |  491.0 |
               +--------+--------+--------+--------+--------+-----+--------+

Top non-repeatable levels by time:
     D:1: 491 daAuts
